 Dungeon Crawl Stone Soup version 0.31-a0-1308-ga3cce3a448 (webtiles) character file.

Game seed: 7630664414506243291

198664 ksail the Warrior (level 17, -18/241 HPs)
             Began as a Minotaur Fighter on Dec 18, 2023.
             Was a High Priest of Okawaru.
             Demolished by a rockslime (30 damage)
             ... on level 2 of the Pits of Slime on Dec 19, 2023.
             The game lasted 03:30:23 (42030 turns).

ksail the Warrior (Minotaur Fighter)               Turns: 42030, Time: 03:30:26

Health: -18/241    AC: 45    Str: 37    XL:     17   Next: 82%
Magic:  20/26      EV: 14    Int:  5    God:    Okawaru [*****.]
Gold:   1788       SH: 34    Dex: 11    Spells: 16/16 levels left

rFire   . . .        y - +2 eveningstar (protect)
rCold   . . .        j - +8 tower shield of Lightning Storm {Str+3}
rNeg    . . .        W - +8 plate armour of Immorality {Will+ rCorr}
rPois   +            p - +2 hat
rElec   .            Q - +2 cloak
rCorr   +            (no gloves)
SInv    .            M - +2 pair of boots {Stlth+}
Will    ++...        C - amulet of reflection Stlth
                     t - ring of poison resistance
HPRegen 0.60/turn    K - +6 ring of strength
MPRegen 0.20/turn

%: reflection
@: berserking, heroic, engulfed (cannot breathe), under a protective aura, very
quick
A: horns 2, retaliatory headbutt, deterioration 1
}: 1/15 runes: decaying
a: Renounce Religion, Heroism, Finesse, Duel


You were on level 2 of the Pits of Slime.
You worshipped Okawaru.
Okawaru was extremely pleased with you.
You visited 8 branches of the dungeon, and saw 34 of its levels.
You also visited: Ossuary.

You collected 3481 gold pieces.
You spent 1693 gold pieces at shops.

Inventory:

Hand Weapons
 a - a +1 flail of flaming
 b - a +0 vampiric flail
 y - a +2 eveningstar of protection (weapon)
Missiles
 m - 45 poisoned darts (quivered)
 z - 30 javelins
 N - a throwing net
Armour
 j - the +8 tower shield of Lightning Storm (worn) {Str+3}
   (You acquired it on level 13 of the Dungeon)

   Str+3:     It affects your strength (+3).
 p - a +2 hat (worn)
 M - a +2 pair of boots of stealth (worn)
 Q - a +2 cloak (worn)
 W - the +8 plate armour of Immorality (worn) {Will+ rCorr}
   (Okawaru gifted it to you on level 3 of the Lair of Beasts)

   Will+:     It increases your willpower.
   rCorr:     It protects you from acid and corrosion.
Jewellery
 t - a ring of poison resistance (left hand)
 v - a +6 ring of dexterity
 C - an amulet of reflection (around neck)
 F - a ring of positive energy
 G - a +6 ring of intelligence
 K - a +6 ring of strength (right hand)
Wands
 i - a wand of acid (18)
 q - a wand of flame (34)
 w - a wand of iceblast (17)
 x - a wand of paralysis (28)
 D - a wand of polymorph (16)
 O - a wand of mindburst (17)
 T - a wand of digging (12)
Scrolls
 c - 8 scrolls of identify
 f - 5 scrolls of blinking
 h - 6 scrolls of fog
 n - 3 scrolls of enchant armour
 r - 3 scrolls of amnesia
 u - 3 scrolls of vulnerability
 B - 6 scrolls of revelation
 I - a scroll of poison
 J - 3 scrolls of fear
 R - 3 scrolls of enchant weapon
 S - a scroll of torment
 V - 3 scrolls of teleportation
 X - 3 scrolls of immolation
Potions
 d - 3 potions of haste
 e - 6 potions of mutation
 g - 3 potions of might
 k - 3 potions of attraction
 l - 3 potions of heal wounds
 o - 7 potions of curing
 s - 4 potions of magic
 E - 3 potions of lignification
 H - 3 potions of invisibility
 L - 2 potions of cancellation
 P - 3 potions of ambrosia
 U - a potion of resistance
 Y - 4 potions of brilliance


   Skills:
 - Level 17.3(22.3) Fighting
 - Level 17.1(22.1) Maces & Flails
 - Level 17.1(22.1) Armour
 + Level 10.0(15.0) Dodging
 - Level 17.0(22.0) Shields
 - Level 14.3 Invocations
 - Level 4.3 Evocations


You had 16 spell levels left.
You didn't know any spells.
Your spell library contained the following spells:

 Spells                   Type           Power      Damage    Failure   Level
 Apportation              Tloc           0%         N/A       89%         1
 Kiss of Death            Conj/Necr      0%         2d5       89%         1
 Slow                     Hex            0%         N/A       89%         1
 Sting                    Tmut/Pois      0%         1d3       89%         1
 Blink                    Tloc           0%         N/A       96%         2
 Jinxbite                 Hex            0%         N/A       96%         2
 Lesser Beckoning         Tloc           0%         N/A       96%         2
 Momentum Strike          Conj/Tloc      0%         3d8       96%         2
 Poisonous Vapours        Pois/Air       0%         N/A       96%         2
 Scorch                   Fire           0%         2d5       96%         2
 Confusing Touch          Hex            0%         N/A       99%         3
 Frozen Ramparts          Ice            0%         1d1       99%         3
 Gell's Gravitas          Tloc           0%         N/A       99%         3
 Hailstorm                Conj/Ice       0%         3d5       99%         3
 Inner Flame              Hex/Fire       0%         N/A       99%         3
 Ozocubu's Armour         Ice            0%         N/A       99%         3
 Sigil of Binding         Hex            0%         N/A       99%         3
 Teleport Other           Tloc           0%         N/A       99%         3
 Vampiric Draining        Necr           0%         2d6       99%         3
 Dispel Undead            Necr           0%         3d6       100%        4
 Flame Wave               Conj/Fire      0%         2d4       100%        4
 Leda's Liquefaction      Tmut/Erth      0%         N/A       100%        4
 Manifold Assault         Tloc           0%         N/A       100%        4
 Olgreb's Toxic Radiance  Pois           0%         N/A       100%        4
 Petrify                  Tmut/Erth      0%         N/A       100%        4
 Alistair's Intoxication  Tmut/Pois      0%         N/A       100%        5
 Metabolic Englaciation   Hex/Ice        0%         N/A       100%        5
 Yara's Violent Unravell  Hex/Tmut       0%         3d3       100%        5
 Enfeeble                 Hex            0%         N/A       100%        7
 Discord                  Hex            0%         N/A       100%        8
 Ignition                 Fire           0%         3d3       100%        8
 Summon Ice Beast         Ice/Summ       Unusable   N/A       N/A         4
 Simulacrum               Ice/Necr       Unusable   N/A       N/A         6
 Summon Cactus Giant      Summ           Unusable   N/A       N/A         6

Dungeon Overview and Level Annotations

Branches:
Dungeon (15/15)            Temple (1/1) D:6            Lair (5/5) D:8
  Swamp (4/4) Lair:3       Spider (3/4) Lair:3        Slime (3/5) Lair:4
    Orc (2/2) D:11            Elf (1/3) Orc:2        Vaults (0/5) D:13
 Depths (0/4) D:15        Ossuary (visited)

Altars:
Ashenzari
Cheibriados
Dithmenos
Elyvilon
Fedhas
Gozag
Hepliaklqana
Kikubaaqudgha
Makhleb
Nemelex Xobeh
Okawaru
Qazlal
Ru
Sif Muna
Trog
Uskayaw
Vehumet
Wu Jian
Xom
Yredelemnul
Zin
The Shining One
Jiyva

Shops:
D:5 *   D:7 *   Orc:1 (   Orc:2 !:*:[

Annotations:
Spider:3 2 transporters, exclusion: downstairs, Nudhul's ghost, adept MiBe


Innate Abilities, Weirdness & Mutations

You have a pair of horns on your head.
You reflexively headbutt those who attack you in melee.
Your body sometimes deteriorates upon taking damage.


Message History

* * * LOW HITPOINT WARNING * * *
Your lungs strain for air!
You block the quicksilver ooze's attack. x2
You block the slime creature's attack.
Unknown command.
You impale the slime creature!!
You kill the slime creature!
Okawaru accepts your kill.
* * * LOW HITPOINT WARNING * * *
Your lungs strain for air!
You block the quicksilver ooze's attack. x2
You block the azure jelly's attack. x2
The azure jelly hits you but does no damage. x2
The rockslime hits you but does no damage.
The slime creature barely misses you.
You puncture the rockslime!
The rockslime is moderately wounded.
* * * LOW HITPOINT WARNING * * *
Your lungs strain for air!
You block the quicksilver ooze's attack. x2
You block the azure jelly's attack. x2; The azure jelly hits you.
* * * LOW HITPOINT WARNING * * *
The azure jelly hits you but does no damage.
Unknown command.
You puncture the rockslime!
The rockslime is moderately wounded.
* * * LOW HITPOINT WARNING * * *
Your lungs strain for air!
You block the rockslime's attack.
You block the quicksilver ooze's attack. x2
Unknown command.
You are too berserk!
You hit the rockslime but do no damage.
You headbutt the rockslime, but do no damage.
The rockslime is moderately wounded.
* * * LOW HITPOINT WARNING * * *
Your lungs strain for air!
You block the slime creature's attack. You block the azure jelly's attack. x3
The azure jelly barely misses you. The rockslime hits you!!
You die...

#.#...##.##
.......#..## #......
...####
.......#....#.##
#.......#......##
#........#...#
#..<.....#.## ....#
##...J..#...##....#
#....@.#...#.....#
##..JJJ...#.#....##
##.................##
.#....<..#...........#
.......................
#..............>.......
.......................
#...#........#.....#...
##.###.#...####..### #


You could see an azure jelly, a slime creature, a rockslime and a quicksilver
ooze.

Vanquished Creatures
  Rupert (Lair:5)
  Frances (D:13)
  Gastronok (Lair:2)
  2 thorn hunters
  A fenstrider witch (Swamp:3)
  2 rockslimes
  3 emperor scorpions
  4 quicksilver oozes (Slime:2)
  3 broodmothers
  Nessos (D:13)
  7 eleionomae
  4 bunyips
  3 spark wasps
  An ettin (D:14)
  10 slime creatures
  A yaktaur captain (D:14)
  An entropy weaver (Spider:1)
  2 ice dragons (Lair:5)
  24 hydras
  3 jorogumos (Spider:2)
  3 radroaches
  A centaur warrior (D:13)
  2 ghost crabs
  5 boulder beetles
  10 alligators
  8 two-headed ogres
  3 demonic crawlers
  7 death yaks
  A spriggan berserker (Swamp:2)
  Urug (Orc:2)
  2 orc high priests (Orc:2)
  Sonja (Lair:4)
  A skyshark (Lair:4)
  A sun moth (Spider:1)
  5 pharaoh ants
  3 goliath frogs
  A storm dragon skeleton (D:15)
  Lodul (D:13)
  3 spriggan druids
  13 skeletal warriors
  A flayed ghost (D:15)
  15 swamp dragons
  6 orb spiders
  An arcanist (D:14)
  6 bog bodies
  A lindwurm (Lair:5)
  9 deep elf pyromancers
  3 orc knights
  3 steelbarb worms
  A necromancer (D:15)
  A phantasmal warrior (D:14)
  6 orc sorcerers
  3 deep elf zephyrmancers (Elf:1)
  9 wolf spiders
  16 ugly things
  3 cyclopes
  2 shining eyes
  2 will-o-the-wisps (Swamp:2)
  3 elephants (Lair:4)
  5 manticores
  A moth of wrath (Spider:2)
  2 kobold blastminers (Orc:2)
  8 torpor snails
  2 black mambas
  Joseph (D:7)
  A gargoyle (D:13)
  An unseen horror (shapeshifter) (D:15)
  Maggie (D:7)
  13 cane toads
  14 komodo dragons
  4 rime drakes
  A kobold demonologist (D:10)
  A freezing wraith (D:14)
  2 trolls
  5 meliai (Spider:3)
  3 polar bears
  14 hornets
  8 tyrant leeches
  22 tarantellas
  3 blink frogs (Lair:4)
  A spriggan zombie (D:15)
  Sigmund (D:4)
  11 jumping spiders
  21 culicivoras
  7 spriggans
  5 wyverns
  A vampire (D:11)
  4 wraiths
  2 shadows
  44 yaks
  16 humans (D:13)
  3 golden eyes (Slime:2)
  A human (shapeshifter) (D:14)
  4 wargs
  21 redbacks
  4 steam dragons
  3 basilisks (Lair:5)
  14 swamp worms
  13 vampire mosquitoes
  3 acid dragons (Lair:5)
  15 water moccasins
  3 ice beasts
  10 swamp drakes
  Pargi (D:3)
  25 orc warriors
  2 sky beasts
  15 ogres
  3 black bears
  8 wolves
  12 centaurs
  5 kobold brigands
  3 phantoms
  11 bullfrogs
  4 scorpions
  A gnoll sergeant (D:12)
  11 wights
  4 killer bees
  2 electric eels (Lair:3)
  A howler monkey (D:8)
  24 orc priests
  2 jellies
  4 hounds
  38 orc wizards
  7 iguanas
  A bullfrog simulacrum (Ossuary)
  2 crocodile zombies (Ossuary)
  2 mummies (Ossuary)
  9 gnolls
  10 adders
  A shadow imp (D:8)
  2 white imps (D:6)
  6 adder zombies (Ossuary)
  A worm (D:4)
  A dart slug (D:2)
  88 orcs
  9 endoplasms
  A giant cockroach (D:1)
  7 gnoll zombies (Ossuary)
  7 goblins
  13 hobgoblins
  2 jackals (D:4)
  26 kobolds
  3 quokkas
  7 ball pythons
  A bat (D:3)
  3 frilled lizards
  2 goblin skeletons (D:6)
  2 goblin zombies
  A hobgoblin zombie (Ossuary)
  2 kobold skeletons (D:6)
  12 kobold zombies
  An orc skeleton (D:6)
  3 orc zombies (Ossuary)
  3 rats
968 creatures vanquished.

Vanquished Creatures (others)
  An orc high priest (D:11)
  A bloated husk (Swamp:2)
  A tarantella (Spider:3)
  A swamp worm (Swamp:2)
  A swamp drake (Lair:5)
  An orc priest (Orc:2)
  3 orc wizards (Orc:2)
  An orc (D:8)
  A kobold zombie (Ossuary)
  6 foxfires (Swamp:2)
17 creatures vanquished.

Grand Total: 985 creatures vanquished

Notes
Turn   | Place    | Note
-------+----------+-------------------------------------------
     0 | D:1      | ksail the Minotaur Fighter began the quest for the Orb.
     0 | D:1      | Reached XP level 1. HP: 19/19 MP: 0/0
   115 | D:1      | Reached XP level 2. HP: 27/27 MP: 1/1
   575 | D:1      | Reached XP level 3. HP: 33/33 MP: 2/2
   928 | D:2      | Identified the +0 scale mail of the Moneychanger {+Inv
                  | rElec rN+}
  1133 | D:2      | Reached XP level 4. HP: 29/41 MP: 3/3
  1967 | D:3      | Noticed Pargi
  2305 | D:3      | Reached XP level 5. HP: 47/47 MP: 4/4
  2680 | D:3      | Killed Pargi
  2681 | D:3      | Reached skill level 5 in Fighting
  2681 | D:3      | Reached skill level 5 in Armour
  2681 | D:3      | Reached skill level 5 in Shields
  2681 | D:3      | Reached XP level 6. HP: 46/56 MP: 5/5
  2967 | D:4      | Noticed Sigmund
  2986 | D:4      | Killed Sigmund
  2987 | D:4      | Reached skill level 5 in Maces & Flails
  2987 | D:4      | Reached XP level 7. HP: 32/62 MP: 6/6
  3437 | D:4      | Found an ancient bone altar of Kikubaaqudgha.
  3666 | D:5      | Entered Level 5 of the Dungeon
  3675 | D:5      | Reached XP level 8. HP: 63/71 MP: 7/7
  3698 | D:5      | Found a shimmering altar of Xom.
  3832 | D:5      | Found Jiemucoa's CLEARANCE SALE!.
  3836 | D:5      | Bought a potion of might for 12 gold pieces
  3856 | D:5      | Bought a scroll of fog for 12 gold pieces
  3891 | D:5      | Found a blossoming altar of Fedhas.
  3975 | D:5      | Noticed an air elemental
  3977 | D:5      | Found a stormy altar of Qazlal.
  4310 | D:5      | Found a sand-covered staircase.
  4319 | Ossuary  | Entered an ossuary
  4955 | D:5      | Found an iron altar of Okawaru.
  4959 | D:5      | Became a worshipper of Warmaster Okawaru
  5520 | D:5      | Reached * piety under Okawaru
  5521 | D:5      | Reached XP level 9. HP: 47/81 MP: 8/8
  5844 | D:6      | Found a broken altar of Ashenzari.
  6102 | D:6      | Found a hide-covered altar of Uskayaw.
  6271 | D:6      | Reached ** piety under Okawaru
  6482 | D:6      | Found a glowing golden altar of the Shining One.
  6614 | D:6      | Found a staircase to the Ecumenical Temple.
  6726 | D:7      | Found a hazy altar of Hepliaklqana.
  6770 | D:7      | Noticed Maggie
  6780 | D:7      | Killed Maggie
  6801 | D:7      | Found Zemucoq's Hallowed Reliquary.
  6802 | D:7      | Noticed an angel
  6809 | D:7      | Bought a ring of positive energy for 200 gold pieces
  6809 | D:7      | Bought a potion of heal wounds for 50 gold pieces
  6809 | D:7      | Bought a potion of curing for 30 gold pieces
  7084 | D:7      | Reached XP level 10. HP: 74/91 MP: 9/9
  7215 | D:7      | Noticed Joseph
  7240 | D:7      | Killed Joseph
  7423 | D:7      | Reached *** piety under Okawaru
  7834 | D:8      | Found a staircase to the Lair.
  8200 | D:8      | Found a sacrificial altar of Ru.
  8200 | D:8      | Found a basalt altar of Yredelemnul.
  8204 | D:8      | Noticed a two-headed ogre
  8500 | D:8      | Killed a two-headed ogre
  8501 | D:8      | Reached skill level 10 in Fighting
  8501 | D:8      | Reached skill level 10 in Armour
  8501 | D:8      | Reached skill level 10 in Shields
  8875 | D:8      | Reached skill level 10 in Maces & Flails
  9083 | D:8      | Reached **** piety under Okawaru
  9561 | D:9      | Noticed a two-headed ogre
  9569 | D:9      | Killed a two-headed ogre
  9584 | D:9      | Found an opulent altar of Gozag.
  9905 | D:9      | You fall into a shaft and drop 2 floors!
  9927 | D:10     | Entered Level 10 of the Dungeon
 10050 | D:10     | Reached XP level 11. HP: 65/101 MP: 10/10
 11000 | Lair:1   | Entered Level 1 of the Lair of Beasts
 11009 | Lair:1   | Reached ***** piety under Okawaru
 11334 | Lair:1   | Received a gift from Okawaru
 11436 | Lair:1   | Found an opulent altar of Gozag.
 11616 | Lair:1   | Noticed a death yak
 11616 | Lair:1   | Noticed a death yak
 11616 | Lair:1   | Noticed a death yak
 11643 | Lair:1   | Noticed a death yak
 11649 | Lair:1   | Noticed a death yak
 11651 | Lair:1   | Noticed a death yak
 11656 | Lair:1   | Killed a death yak
 12218 | Lair:1   | Killed a death yak
 12492 | Lair:1   | Killed a death yak
 12498 | Lair:1   | Killed a death yak
 12500 | Lair:1   | Killed a death yak
 12509 | Lair:1   | Killed a death yak
 12510 | Lair:1   | Reached XP level 12. HP: 94/113 MP: 9/11
 12910 | D:11     | Noticed a two-headed ogre
 12920 | D:11     | Killed a two-headed ogre
 12959 | D:11     | Noticed a two-headed ogre
 12964 | D:11     | Killed a two-headed ogre
 12965 | D:11     | Reached skill level 1 in Evocations
 12966 | D:11     | Noticed a two-headed ogre
 12974 | D:11     | Killed a two-headed ogre
 13073 | D:11     | Found a staircase to the Orcish Mines.
 13306 | D:11     | Received a gift from Okawaru
 13538 | D:11     | Found a shadowy altar of Dithmenos.
 14666 | D:12     | Noticed a two-headed ogre
 14677 | D:12     | Killed a two-headed ogre
 14793 | D:12     | Reached skill level 1 in Invocations
 14855 | D:12     | Received a gift from Okawaru
 15483 | Lair:2   | Noticed Gastronok
 15505 | Lair:2   | Killed Gastronok
 15881 | Lair:2   | Reached XP level 13. HP: 69/122 MP: 14/14
 16581 | Lair:3   | Found a staircase to the Swamp.
 16820 | Lair:3   | Reached ****** piety under Okawaru
 16822 | Lair:3   | Acquired the +8 plate armour of Immorality {Will+ rCorr}
 16822 | Lair:3   | Received a gift from Okawaru
 17025 | Lair:3   | Received a gift from Okawaru
 17027 | Lair:3   | Acquired a +0 heavy flail
 17027 | Lair:3   | Received a gift from Okawaru
 17056 | Lair:3   | Found a radiant altar of Vehumet.
 17504 | Lair:3   | Found a hole to the Spider Nest.
 17951 | Swamp:1  | Entered Level 1 of the Swamp
 17952 | Swamp:1  | Noticed an eleionoma
 17982 | Lair:4   | Reached skill level 5 in Invocations
 18161 | Lair:4   | Received a gift from Okawaru
 18624 | Lair:4   | Noticed Sonja
 18646 | Lair:4   | Killed Sonja
 18807 | Lair:4   | Received a gift from Okawaru
 18943 | Lair:4   | Found a viscous altar of Jiyva.
 18943 | Lair:4   | Found a staircase to the Slime Pits.
 19099 | Lair:5   | Entered Level 5 of the Lair of Beasts
 19380 | Lair:5   | Noticed Rupert
 19404 | Lair:5   | Killed Rupert
 19582 | Lair:5   | Reached XP level 14. HP: 112/132 MP: 18/18
 19593 | Lair:5   | Received a gift from Okawaru
 21461 | Lair:3   | Received a gift from Okawaru
 21812 | Swamp:1  | Received a gift from Okawaru
 22022 | Swamp:1  | Found a basalt altar of Yredelemnul.
 22074 | Swamp:1  | Found a white marble altar of Elyvilon.
 22099 | Swamp:1  | Reached skill level 15 in Fighting
 22960 | Swamp:2  | Upgraded the game from 0.31-a0-1300-gb6740aa4e6 to
                  | 0.31-a0-1308-ga3cce3a448
 22980 | Swamp:2  | Reached skill level 15 in Armour
 23071 | Swamp:2  | Found an iron altar of Okawaru.
 23131 | Swamp:2  | Reached skill level 15 in Shields
 23583 | Swamp:2  | Reached skill level 15 in Maces & Flails
 23639 | Swamp:2  | Reached skill level 10 in Invocations
 23642 | Swamp:2  | Reached XP level 15. HP: 123/141 MP: 13/21
 24593 | Swamp:3  | Noticed a fenstrider witch
 24607 | Swamp:3  | Killed a fenstrider witch
 24929 | Swamp:3  | Noticed a thorn hunter
 24948 | Swamp:3  | Killed a thorn hunter
 25114 | Swamp:4  | Entered Level 4 of the Swamp
 25337 | Temple   | Entered the Ecumenical Temple
 25598 | Arena    | Entered the Arena
 25650 | Swamp:4  | Noticed a thorn hunter
 25666 | Swamp:4  | Killed a thorn hunter
 26803 | Swamp:4  | Got a decaying rune of Zot
 27816 | Orc:1    | Entered Level 1 of the Orcish Mines
 27931 | Orc:1    | Found Jamyxzu's Weapon Shop.
 28050 | Orc:2    | Entered Level 2 of the Orcish Mines
 28083 | Orc:2    | Noticed Urug
 28091 | Orc:2    | Killed Urug
 28324 | Orc:2    | Found Xaxab's Antique Armour Shop.
 28332 | Orc:2    | Bought a pair of embroidered boots for 150 gold pieces
 28353 | Orc:2    | Found an iron altar of Okawaru.
 28778 | Orc:1    | Reached XP level 16. HP: 151/151 MP: 24/24
 29543 | Orc:2    | Found Fastaywa's Book Boutique.
 29543 | Orc:2    | Found Haowu's Book Shop.
 29544 | Orc:2    | Found Xatih's Assorted Antiques.
 29547 | Orc:2    | Found Plog's Distillery.
 29552 | Orc:2    | Bought a runed plate armour for 702 gold pieces
 29552 | Orc:2    | Bought an agate ring for 135 gold pieces
 29552 | Orc:2    | Bought a scroll labelled QEYRPH PYDUI for 27 gold pieces
 29553 | Orc:2    | Bought a potion of invisibility for 120 gold pieces
 29553 | Orc:2    | Bought a potion of curing for 45 gold pieces
 29553 | Orc:2    | Bought a potion of heal wounds for 75 gold pieces
 29553 | Orc:2    | Bought a potion of might for 60 gold pieces
 29553 | Orc:2    | Bought a potion of berserk rage for 75 gold pieces
 29714 | Orc:2    | Found a staircase to the Elven Halls.
 30182 | Swamp:1  | Found a basalt altar of Yredelemnul.
 30259 | Swamp:1  | Found a white marble altar of Elyvilon.
 30594 | Spider:1 | Entered Level 1 of the Spider Nest
 30861 | Spider:1 | Found a frozen archway.
 31781 | Spider:1 | Received a gift from Okawaru
 34900 | Spider:3 | Received a gift from Okawaru
 35047 | Spider:3 | Found a transporter.
 35051 | Spider:3 | Noticed Nudhul's ghost (adept MiBe)
 35609 | Spider:3 | Found a transporter.
 35890 | Spider:3 | Reached XP level 17. HP: 129/161 MP: 26/26
 36724 | Elf:1    | Entered Level 1 of the Elven Halls
 37030 | D:11     | Found a shadowy altar of Dithmenos.
 38092 | D:13     | Found a gate to the Vaults.
 38486 | D:13     | Noticed Frances
 38500 | D:13     | Killed Frances
 38722 | D:13     | Noticed Nessos
 38738 | D:13     | Killed Nessos
 38912 | D:13     | Noticed Lodul
 38923 | D:13     | Killed Lodul
 38992 | D:13     | Identified a scroll of acquirement
 38995 | D:13     | Acquired the +8 tower shield of Lightning Storm {Str+3}
 39338 | D:14     | Found a runed translucent door.
 39413 | D:14     | Reached skill level 1 in Dodging
 39781 | D:14     | Found a hazy altar of Hepliaklqana.
 39846 | D:15     | Entered Level 15 of the Dungeon
 39887 | D:14     | Reached skill level 5 in Dodging
 40444 | D:15     | Found a staircase to the Depths.
 40571 | D:15     | Received a gift from Okawaru
 41617 | Slime:1  | Entered Level 1 of the Pits of Slime
 41664 | Slime:1  | Noticed an acid blob
 41862 | Slime:2  | Gained mutation: Your body sometimes deteriorates upon
                  | taking damage. [a shining eye]
 42024 | Slime:2  | Reached skill level 10 in Dodging
 42030 | Slime:2  | HP: 12/241 [drowned by a quicksilver ooze (3)]
 42030 | Slime:2  | Demolished by a rockslime

Illustrated notes

Levels and vault maps discovered:
D:1:      evilmike_arrival_fibonacci_small, layout_basic
D:2:      minmay_door_path, layout_basic, hangedman_decor_push,
          chequers_serial_rivers_large_a, grunt_ministairs_15
D:3:      layout_basic, uniq_pargi
D:4:      layout_cave_pools, marbit_many_paths, minmay_between, uniq_sigmund
D:5:      layout_layer_cave, nicolae_qazlal_style_of_elements,
          kennysheep_mini_moat, overflow_temple_1_default,
          nicolae_overflow_crystal_walls, enter_ossuary_3,
          minmay_misc_feat_ornament, nicolae_shop_clearance
D:6:      layout_loops_cross, evilmike_ruin_ashenzari,
          nicolae_tso_besieged_by_evil, mainiacjoe_overflow_24_doors,
          minmay_temple_entry_fiery, minmay_quadrilaterals
D:7:      layout_loops_ring, mainiacjoe_overflow_boulevard, nicolae_good_shop,
          uniq_maggie, uniq_joseph
D:8:      layout_gridville, jmf_multi_god_temple, lair_entry_dummy
D:9:      layout_big_octagon, nicolae_gozag_seed_capital, minmay_misc_feat_rows,
          serial_bayou_crossing
D:10:     layout_roguey [special_room_orc], hangedman_decor_opposing
D:11:     layout_roguey, erik_orc_3, nrook_loot_triangle,
          grunt_dithmenos_shadows
D:12:     layout_basic, kennysheep_generic_room_9
D:13:     layout_loops_corners, david_vaults_3, uniq_nessos, uniq_lodul,
          uniq_frances
D:14:     layout_irregular_city, nicolae_hepliaklqana_hazy_memory, minivault_13
D:15:     gammafunk_depths_entry_grave, layout_irregular_city,
          chequers_hall_statues_corner_a, grunt_decor_arrowhead,
          minmay_misc_feat_alley
Temple:   cyrus_temple_forest
Lair:1:   layout_cave_pods, basic_altar, chequers_serial_rivers_micro_c,
          lemuel_fruit_fields, serial_bayou_shore_b
Lair:2:   layout_misc_corridors, uniq_gastronok
Lair:3:   layout_gridlike, skrybe_swamp_entry_bodies,
          hellmonk_spider_entry_life_and_decay, basic_altar
Lair:4:   layout_loops_ring, slime_entry_1, beast_lair_carwin_6,
          grunt_megastairs_3, uniq_sonja
Lair:5:   wormcave, layout_small_grid, guppyfry_lair_end_dragon,
          grunt_megastairs_5, uniq_rupert
Swamp:1:  layout_falls_marsh, evilmike_swamp_ruin_rubble_1, swamp_pool_4,
          lemuel_altar_in_water2, lemuel_altar_in_water
Swamp:2:  layout_basic_swamp, nicolae_swamp_ascending_descending, swamp_pool_4,
          nicolae_swamp_big_swirl, ldierk_geyser, nicolae_swamp_godswood,
          nicolae_swamp_little_tower, nicolae_swamp_very_dense_foliage
Swamp:3:  layout_basic_swamp, nicolae_swamp_fairy_circle
Swamp:4:  swamp, layout_basic_swamp, swamp_pool_1_2, infiniplex_staircase_pool_2
Spider:1: nicolae_spider_corner, portal_ice_cave_entry_pillars_three
Spider:2: layout_spider_delve
Spider:3: layout_chambers, gammafunk_ghost_arena
Slime:1:  layout_caves, special_room [special_room_jelly]
Slime:2:  layout_caves
Slime:3:  cheibrodos_slime_lost_civilization_1, layout_caves,
          nicolae_slime_barrier
Orc:1:    layout_diamond_mine, basic_altar, serial_shops,
          nicolae_shop_bloodbath_and_beyond
Orc:2:    st_orc_mages, layout_diamond_mine, basic_altar, serial_shops,
          nicolae_shop_competitors_out_of_business, okawaru_metal_pillars_1_2,
          uniq_urug
Elf:1:    eino_elf_arrival_customs, layout_loops_ring, minmay_elf_demonology,
          st_stairs_2, uniq_nikola

Skill      XL: |  1  2  3  4  5  6  7  8  9 10 11 12 13 14 15 16 17 |
---------------+----------------------------------------------------+-----
Fighting       | 4 5 6 7 9 10 12 13 14 15 16 17 | 17.3
Shields        | 4 5 6 7 9 10 12 13 14 15 16 17 | 17.0
Armour         | 4 5 6 7 9 10 12 13 14 15 16 17 | 17.1
Maces & Flails | 3 4 5 7 9 10 12 13 14 15 16 17 | 17.1
Evocations     | 4 |  4.3
Invocations    | 3 7 10 12 13 14 | 14.3
Dodging        | 10 | 10.0

Action                     |  1- 3 |  4- 6 |  7- 9 | 10-12 | 13-15 | 16-18 || total
---------------------------+-------+-------+-------+-------+-------+-------++-------
  Melee: Flail             |    84 |   101 |   318 |    62 |       |       ||   565
         Headbutt          |    13 |    15 |    68 |   120 |   277 |   298 ||   791
         Eveningstar       |       |       |       |   554 |  1233 |  1171 ||  2958
  Throw: Dart              |       |     3 |     8 |     2 |    64 |     7 ||    84
         Javelin           |       |       |       |     3 |    19 |       ||    22
 Invoke: Heroism           |       |       |     1 |     8 |    35 |    10 ||    54
         Finesse           |       |       |       |       |     9 |     2 ||    11
         Receive Weapon    |       |       |       |       |     1 |       ||     1
         Receive Armour    |       |       |       |       |     1 |       ||     1
         Duel              |       |       |       |       |     1 |       ||     1
  Evoke: Wand              |       |     1 |     4 |     2 |     2 |       ||     9
    Use: Scroll            |       |     7 |     7 |     9 |    10 |     5 ||    38
         Potion            |       |     1 |       |     9 |     3 |     4 ||    17
   Stab: Paralysed         |       |       |     3 |       |       |       ||     3
         Confused          |       |       |       |       |     2 |       ||     2
         Distracted        |       |       |       |       |     1 |       ||     1
 Armour: Scale mail        |    74 |   100 |   179 |    80 |       |       ||   433
         Plate armour      |       |       |       |   479 |   902 |   641 ||  2022
         Skin              |       |       |       |       |     1 |       ||     1
  Dodge: Dodged            |    43 |    36 |   113 |   202 |   280 |   205 ||   879
  Block: Buckler           |    20 |    17 |    72 |   216 |     2 |       ||   327
         Tower shield      |       |       |       |       |  1360 |  1354 ||  2714
         Reflection        |       |       |       |       |       |     5 ||     5

Table legend: (Time is in decaauts)
 A = Elapsed time spent in this place.
 B = Non-inter-level travel time spent in this place.
 C = Inter-level travel time spent in this place.
 D = Time resting spent in this place.
 E = Time spent auto-exploring this place.
 F = Levels seen in this place.
 G = Mean time per level.
                   A        B        C        D        E       F      G
               +--------+--------+--------+--------+--------+-----+--------+
         Total |  42164 |  38908 |   3256 |   6967 |  21272 |  36 | 1171.2 |
       Dungeon |  18642 |  17307 |   1335 |   2212 |  10315 |  15 | 1242.8 |
        Temple |      1 |      0 |      1 |      0 |      0 |   1 |    1.0 |
          Lair |   8291 |   7477 |    814 |   1080 |   4512 |   5 | 1658.2 |
         Swamp |   6690 |   6271 |    419 |   1520 |   3286 |   4 | 1672.5 |
   Spider Nest |   5766 |   5285 |    481 |   1700 |   2214 |   3 | 1922.0 |
    Slime Pits |    400 |    400 |      0 |    175 |     61 |   3 |  133.3 |
  Orcish Mines |   2114 |   1912 |    202 |    280 |    883 |   2 | 1057.0 |
   Elven Halls |     55 |     55 |      0 |      0 |      0 |   1 |   55.0 |
       Ossuary |    193 |    193 |      0 |      0 |      0 |   1 |  193.0 |
         Arena |      9 |      9 |      0 |      0 |      0 |   1 |    9.0 |
               +--------+--------+--------+--------+--------+-----+--------+

Top non-repeatable levels by time:
  Lair:5: 2320 daAuts
    D:12: 2223 daAuts
Spider:1: 2183 daAuts
 Swamp:4: 2126 daAuts
Spider:2: 2110 daAuts
 Swamp:1: 2071 daAuts
  Lair:1: 2028 daAuts
     D:5: 1885 daAuts
     D:8: 1799 daAuts
    D:11: 1657 daAuts
  Lair:3: 1472 daAuts
Spider:3: 1472 daAuts
 Swamp:2: 1450 daAuts
   Orc:2: 1376 daAuts
  Lair:2: 1310 daAuts
